 Dungeon Crawl Stone Soup version 0.22-a0-367-gb72a975 (webtiles) character file.

197 Firecrotchwizard the Poker (level 5, -4/36 HPs)
             Began as a Merfolk Gladiator on Apr 22, 2018.
             Was a Follower of Hepliaklqana.
             Killed by divine providence
             ... invoked by an orc priest
              (8 damage)
             ... on level 3 of the Dungeon.
             The game lasted 00:03:48 (1735 turns).

Firecrotchwizard the Poker (Merfolk Gladiator)      Turns: 1735, Time: 00:03:49

Health: -4/36      AC:  7    Str: 20    XL:     5   Next: 75%
Magic:  5/5        EV: 17    Int:  7    God:    Hepliaklqana [*.....]
Gold:   176        SH:  0    Dex: 15    Spells: 4/4 levels left

rFire    . . .     SeeInvis .   a - +0 trident
rCold    . . .     Gourm    .   (no shield)
rNeg     . . .     Faith    .   h - +0 ring mail (curse)
rPois    .         Spirit   .   c - +0 helmet
rElec    .         Reflect  .   (no cloak)
rCorr    .         Harm     .   (no gloves)
MR       .....                  j - +0 pair of boots
Stlth    +.........             (no amulet)
HPRegen  0.12/turn              g - +3 ring of evasion
MPRegen  0.09/turn              r - +4 ring of strength

@: no status effects
A: change form in water, swift swim, stealthy swim, reduced essence
a: Recall Ancestor, Ancestor Identity, Renounce Religion


You were on level 3 of the Dungeon.
You worshipped Hepliaklqana.
Hepliaklqana was aware of your devotion.
You were not hungry.

You visited 1 branch of the dungeon, and saw 3 of its levels.

You collected 176 gold pieces.

Inventory:

Hand Weapons
 a - a +0 trident (weapon)
 l - a +2 dagger of venom
   (You found it on level 1 of the Dungeon)
Missiles
 d - 3 throwing nets {=f, !d}
Armour
 b - a +0 leather armour
 c - a +0 helmet (worn)
 h - a cursed +0 ring mail (worn)
   (You found it on level 1 of the Dungeon)
 j - a +0 pair of boots (worn)
   (You found it on level 1 of the Dungeon)
Jewellery
 g - a +3 ring of evasion (left hand)
   (You found it on level 1 of the Dungeon)
 r - a +4 ring of strength (right hand)
   (You took it off a goblin on level 2 of the Dungeon)
 t - an uncursed ring of protection from magic {MR+, !d}
   (You found it on level 2 of the Dungeon)
Scrolls
 e - 3 scrolls of teleportation {unknown}
 k - a scroll of remove curse {unknown}
 o - a scroll of noise {unknown}
 p - a scroll of identify {unknown}
Potions
 m - 2 potions of might {unknown}
 n - 2 potions of invisibility {unknown}
 q - 3 potions of berserk rage {unknown}
 s - a potion of lignification {unknown}
 u - a potion of mutation {unknown}
 v - a potion of curing {unknown}
 w - a potion of brilliance {unknown}
Comestibles
 f - 7 rations {@e1}
 i - 3 chunks of flesh {@w0}


   Skills:
 + Level 3.6 Fighting
 * Level 7.1 Polearms
 - Level 2.0 Throwing
 + Level 5.4 Dodging


You had 4 spell levels left.
You didn't know any spells.

Dungeon Overview and Level Annotations

Branches:
Dungeon (3/15)

Altars:
Hepliaklqana
Xom


Message History

Aim: an orc, wielding a short sword of speed You reach to attack!
You hit the orc.
The orc hits Thulani with a short sword of speed.
Thulani hits the orc.
Attack whom?
Aim: an orc, wielding a short sword of speed (moderately wounded)
You could not reach far enough!
The orc closely misses Thulani.
Thulani hits the orc.
The orc dies!
A kobold comes into view.
Attack whom?
Aim: an orc priest, wielding a war axe and wearing a ring mail You could not reach far enough!
The kobold moves out of view.
An orc priest comes into view. It is wielding a trident.
Attack whom?
Aim: an orc priest, wielding a war axe and wearing a ring mail You could not reach far enough!
The orc priest closely misses Thulani.
Attack whom?
Aim: an orc priest, wielding a war axe and wearing a ring mail You could not reach far enough!
The orc priest barely misses Thulani.
Attack whom?
Aim: an orc priest, wielding a war axe and wearing a ring mail You could not reach far enough!
The orc priest hits Thulani with a war axe!
Thulani hits the orc priest.
Attack whom?
Aim: an orc priest, wielding a war axe and wearing a ring mail (heavily wounded)
You reach to attack!
You closely miss the orc priest.
The orc priest calls upon Beogh to heal the orc priest.
The orc priest is healed somewhat.
Attack whom?
Aim: an orc, wielding a club You could not reach far enough!
Attack whom?
Aim: an orc, wielding a club You could not reach far enough!
The orc hits Thulani with a club!
The orc priest looks satisfied for a moment.
Thulani hits the orc.
Attack whom?
Aim: an orc, wielding a club (lightly wounded)
You could not reach far enough!
The orc closely misses Thulani.
Thulani barely misses the orc.
Attack whom?
Aim: an orc, wielding a club (lightly wounded)
You could not reach far enough!
The orc priest closely misses you.
The orc priest calls down the wrath of Beogh upon you.
Beogh smites you!
The orc hits Thulani but does no damage.
Thulani barely misses the orc.
You take 12 damage, and have 24/36 hp.
MASSIVE DAMAGE!!
Attack whom?
Aim: an orc priest, wielding a trident and wearing a leather armour You could not reach far enough!
The orc priest misses you.
The orc hits Thulani with a club.
Thulani completely misses the orc.
Attack whom?
Aim: an orc priest, wielding a trident and wearing a leather armour You reach to attack!
You hit the orc priest.
The orc priest hits you from afar with a trident.
You take 4 damage, and have 20/36 hp.
The orc misses Thulani.
Thulani barely misses the orc.
The orc priest calls down the wrath of Beogh upon you.
You barely resist. You closely miss the orc priest.
Thulani hits the orc.
The orc hits Thulani with a club.
The orc priest barely misses you.
You barely miss the orc priest.
Thulani hits the orc.
The orc dies!
The orc priest hits you but does no damage.
You hit the orc priest but do no damage.
Thulani hits the orc priest.
You barely miss the orc priest.
The orc completely misses Thulani.
The orc priest calls down the wrath of Beogh upon you.
Beogh smites you!
* * * LOW HITPOINT WARNING * * *
Thulani hits the orc priest.
You take 15 damage, and have 6/36 hp.
MASSIVE DAMAGE!!
You puncture the orc priest!
You kill the orc priest!
Your Polearms skill increases to level 7!
The orc hits Thulani with a hand axe.
Thulani barely misses the orc.
Thulani hits the orc.
The orc hits you with a hand axe.
* * * LOW HITPOINT WARNING * * *
The orc hits Thulani with a hand axe.
Things that are here:
a trident; a leather armour; an orc corpse You take 3 damage, and have 3/36 hp.
Thulani hits the orc.
The orc dies!
Thulani barely misses the kobold.
The kobold throws a stone.
The stone completely misses you.
The frilled lizard bites Thulani.
The kobold throws a stone.
The stone closely misses you.
Thulani barely misses the kobold.
Found a stone staircase leading down.
The kobold throws a stone.
The stone barely misses you.
The kobold throws a stone.
The stone barely misses you.
The orc priest mumbles some strange prayers to Beogh against you.
Beogh smites you!
You die...

###### #.###
...... ....#
###### #.#># #
#.#.# #. #(#.#
#..###.#@#
#....#.#.##$#
.#.........#
#....l#.#.####
...# ..#..
#K#.# #..#
#...#.#K#%#
#..#
##....#R#.#
#..#
....o.o)o.#
#..#
####.##..##
#..#


You could see an orc priest and a kobold.

Vanquished Creatures
  A howler monkey (D:2)
  An orc priest (D:3)
  3 adders
  2 oozes
  A worm (D:2)
  3 dart slugs
  2 leopard geckos
  9 bats
  4 giant cockroaches
  10 hobgoblins
  2 jackals (D:3)
  2 quokkas (D:2)
  3 frilled lizards
  12 goblins
  7 kobolds
  8 rats
70 creatures vanquished.

Vanquished Creatures (collateral kills)
  3 orcs (D:3)
  A bat (D:3)
  A frilled lizard (D:2)
  A rat (D:3)
6 creatures vanquished.

Grand Total: 76 creatures vanquished

Notes
Turn   | Place    | Note
-------+----------+-------------------------------------------
     0 | D:1      | Firecrotchwizard the Merfolk Gladiator began the quest for the Orb.
     0 | D:1      | Reached XP level 1. HP: 16/16 MP: 1/1
   192 | D:1      | Reached XP level 2. HP: 23/23 MP: 2/2
   294 | D:1      | Reached skill level 5 in Polearms
   587 | D:1      | Reached XP level 3. HP: 28/28 MP: 3/3
   891 | D:2      | Reached skill level 3 in Fighting
   891 | D:2      | Reached skill level 6 in Polearms
   891 | D:2      | Reached XP level 4. HP: 32/35 MP: 4/4
   945 | D:2      | Reached skill level 5 in Dodging
  1037 | D:2      | Reached XP level 5. HP: 41/41 MP: 5/5
  1084 | D:2      | Found a hazy altar of Hepliaklqana.
  1085 | D:2      | Found a shimmering altar of Xom.
  1086 | D:2      | Noticed a spectral ugly thing
  1089 | D:2      | Became a worshipper of Hepliaklqana the Forgotten
  1725 | D:3      | HP: 6/36 [orc priest/divine providence (15)]
  1726 | D:3      | Reached skill level 7 in Polearms
  1728 | D:3      | Reached * piety under Hepliaklqana
  1735 | D:3      | Killed from afar by an orc priest

Vault maps used:
D:1:      dpeg_arrival_morbid_curiosity
D:2:      regret_index_temple_of_mockery, minmay_tetromino_s2
D:3:      grunt_temple_overflow_opulence, okawaru_gym_becter,
          chequers_ecumenical_altar_grove, first_ration, elyvilon_altar_4

Skill      XL: |  1  2  3  4  5 |
---------------+----------------+-----
Polearms       | 5 6 7 |  7.1
Fighting       | 3 |  3.6
Dodging        | 5 |  5.4
Throwing       | |  2.0

Action                   |  1- 3 |  4- 6 || total
-------------------------+-------+-------++-------
Melee: Trident           |    82 |   131 ||   213
  Eat: Chunk             |       |     3 ||     3
Armor: Ring mail         |     9 |    42 ||    51
Dodge: Dodged            |    45 |   114 ||   159

Table legend:
 A = Spawn XP
 B = Non-spawn XP
 C = Spawn XP percentage of total XP
 D = Spawn monster count
 E = Non-spawn monster count
 F = Spawn count percentage of total count
 G = Total turns spent on level
                    A         B        C        D         E        F      G
               +---------+---------+-------+---------+---------+-------+---------
         Total |       0 |     282 |   0.0 |       0 |      76 |   0.0 |  1735
               +---------+---------+-------+---------+---------+-------+---------
           D:1 |       0 |      48 |   0.0 |       0 |      25 |   0.0 |   839
           D:2 |       0 |     138 |   0.0 |       0 |      29 |   0.0 |   531
           D:3 |       0 |      96 |   0.0 |       0 |      22 |   0.0 |   365
               +---------+---------+-------+---------+---------+-------+---------

Vault maps used:
D:1:      dpeg_arrival_morbid_curiosity
D:2:      regret_index_temple_of_mockery, minmay_tetromino_s2
D:3:      grunt_temple_overflow_opulence, okawaru_gym_becter,
          chequers_ecumenical_altar_grove, first_ration, elyvilon_altar_4

Table legend:
 A = Turns spent in this place as a percentage of turns spent in the entire game.
 B = Non-inter-level travel turns spent in this place as a percentage of non-inter-level travel turns spent in the entire game.
 C = Inter-level travel turns spent in this place as a percentage of turns spent in this place.
 D = Turns resting spent in this place as a percentage of non-inter-level travel turns spent in this place.
 E = Turns spent auto-exploring this place as a percentage of non-inter-level travel turns spent in this place.
 F = Non-inter-level travel turns spent in this place divided by the number of levels of this place that you've seen.
                   A       B       C       D       E      F
               +-------+-------+-------+-------+-------+----------------------
         Total | 100.0 | 100.0 |   2.2 |   5.4 |  70.0 | 565.3
       Dungeon | 100.0 | 100.0 |   2.2 |   5.4 |  70.0 | 565.3
               +-------+-------+-------+-------+-------+----------------------

Table legend:
 A = Kills in this place as a percentage of kills in entire the game.
 B = Kills by you in this place as a percentage of kills by you in the entire game.
 C = Kills by friends in this place as a percentage of kills by friends in the entire game.
 D = Other kills in this place as a percentage of other kills in the entire game.
 E = Experience gained in this place as a percentage of experience gained in the entire game.
 F = Experience gained in this place divided by the number of levels of this place that you have seen.
                   A       B       C       D       E      F
               +-------+-------+-------+-------+-------+----------------------
         Total | 100.0 | 100.0 | 100.0 |   N/A | 100.0 |  94.0
       Dungeon | 100.0 | 100.0 | 100.0 |   N/A | 100.0 |  94.0
               +-------+-------+-------+-------+-------+----------------------
